 Dungeon Crawl Stone Soup version 0.21-a0-163-g3aa3f5d (webtiles) character file.

1601 Voidvoid the Cudgeler (level 8, -1/72 HPs)
             Began as a Deep Dwarf Fighter on Aug 5, 2017.
             Was an Initiate of Makhleb.
             Shot with an arrow by a centaur (5 damage)
             ... on level 6 of the Dungeon.
             The game lasted 00:08:32 (3164 turns).

Voidvoid the Cudgeler (Deep Dwarf Fighter)          Turns: 3164, Time: 00:08:32

Health: -1/72      AC:  7    Str: 22    XL:     8   Next: 62%
Magic:  15/15      EV: 10    Int:  6    God:    Makhleb [......]
Gold:   272        SH:  0    Dex: 12    Spells: 7/7 levels left

rFire    . . .     SeeInvis .   s - +2 quarterstaff of Defence {flame, +Rage rN+++ MR- Int-3}
rCold    . . .     Gourm    .   (shield currently unavailable)
rNeg     + + +     Faith    .   b - +0 scale mail
rPois    .         Spirit   .   (no helmet)
rElec    .         Reflect  .   (no cloak)
rCorr    +         Harm     .   (no gloves)
MR       .....                  (no boots)
Stlth    ..........             (no amulet)
HPRegen  0.00/turn              r - ring of magical power
MPRegen  0.14/turn              u - ring of resist corrosion

@: non-regenerating
A: damage resistance, heal wounds, sense surroundings 1, no regeneration
a: Heal Wounds, Renounce Religion, Evoke Berserk Rage


You were on level 6 of the Dungeon.
You worshipped Makhleb.
Makhleb was noncommittal.
You were not hungry.

You visited 1 branch of the dungeon, and saw 8 of its levels.

You collected 272 gold pieces.

Inventory:

Hand Weapons
 a - a +1 flail
 s - the +2 quarterstaff of Defence (weapon) {flame, +Rage rN+++ MR- Int-3}
   (You found it on level 4 of the Dungeon)

   It has been specially enchanted to burn those struck by it, causing extra
   injury to most foes and up to half again as much damage against particularly
   susceptible opponents.
   It affects your intelligence (-3).
   It renders you almost immune to negative energy.
   It affects your resistance to hostile enchantments.
   It lets you go berserk.
Armour
 b - a +0 scale mail (worn)
 c - a +0 shield
 m - a +0 chain mail
Jewellery
 r - a ring of magical power (left hand)
 u - a ring of resist corrosion (right hand)
 y - a +5 ring of protection {unknown}
 G - an uncursed amulet of harm {unknown}
Wands
 t - a wand of disintegration (24/24)
 A - a wand of disintegration (5/24)
Scrolls
 g - a scroll of fear
 i - a scroll of enchant armour {unknown}
 j - 3 scrolls of teleportation
 n - 3 scrolls of identify
 o - a scroll of recharging
 q - 5 scrolls of magic mapping
 C - a scroll of remove curse
 D - a scroll of enchant weapon
 F - a scroll of fog {unknown}
Potions
 d - 4 potions of might
 e - a potion of flight {unknown}
 k - a potion of curing {unknown}
 p - a potion of haste
 v - a potion of mutation {unknown}
 w - a potion of lignification {unknown}
 z - a potion of heal wounds {unknown}
 B - a potion of ambrosia {unknown}
Comestibles
 f - 4 bread rations
 h - 2 meat rations
 l - 6 fruits
 E - a royal jelly


   Skills:
 + Level 3.8 Fighting
 - Level 7.4(8.2) Maces & Flails
 * Level 4.8(6.5) Staves
 + Level 5.2 Armour
 + Level 1.5 Dodging
 + Level 3.5 Shields
 * Level 3.9 Evocations


You had 7 spell levels left.
You didn't know any spells.

Dungeon Overview and Level Annotations

Branches:
Dungeon (8/15)
 Temple: D:4-7         Lair: D:8-11

Altars:
Elyvilon
Gozag
Hepliaklqana
Kikubaaqudgha
Makhleb
Wu Jian

Shops:
D:4 (


Innate Abilities, Weirdness & Mutations

You are resistant to damage.
You can heal yourself by infusing magical energy.
You passively map a small area around you.
You do not regenerate.


Message History

Found 15 sling bullets.
You open the door.
A centaur comes into view.
The centaur shouts!
The centaur wields a shortbow.
The centaur shoots an arrow.
The arrow hits you.
The centaur shoots an arrow.
The arrow barely misses you.
A centaur is nearby!
The centaur shoots an arrow.
The arrow hits you.
* * * LOW HITPOINT WARNING * * *
Found 15 arrows and 24 stones.
There is an open door here.
You see here an arrow.
Found a stone staircase leading up.
The centaur shoots an arrow.
The arrow hits you!
* * * LOW HITPOINT WARNING * * *
The centaur shoots an arrow.
The arrow hits you.
* * * LOW HITPOINT WARNING * * *
You see here 2 arrows.
The centaur shoots an arrow.
The arrow hits you!
You die...

, #.##.<####....###.
#.###.##[.# #.....# ,*
#.....))..####.(..#######.
*
####..)#........#.........
#...########.##########
###.# #(# , #.# ##(## #.#
##(..## #.# #.@...# **
*..# #.......#* ,
#.c.......# * ,+.........+
** , #.........#** * * ,
##.(.(...## * , ##.<...##
##...## ,


You could see a centaur.

Vanquished Creatures
  Grinder (D:4)
  A hippogriff (D:7)
  Sigmund (D:3)
  Menkaure (D:5)
  An ogre (D:4)
  2 phantoms (D:5)
  A centaur (D:5)
  2 scorpions
  4 orc wizards
  Ijyb (D:3)
  2 worker ants (D:4)
  A hound skeleton (D:4)
  A howler monkey zombie (D:5)
  12 gnolls
  6 adders
  2 howler monkey skeletons
  A shadow imp (D:6)
  An adder zombie (D:5)
  2 adder skeletons (D:4)
  2 worms
  3 dart slugs
  3 leopard geckos (D:2)
  6 orcs
  4 giant cockroaches
  10 goblins
  7 hobgoblins
  11 jackals
  9 kobolds
  2 quokkas (D:4)
  6 bats
  4 frilled lizards
  A quokka skeleton (D:4)
  5 rats
116 creatures vanquished.

Notes
Turn   | Place    | Note
-------+----------+-------------------------------------------
     0 | D:1      | Voidvoid the Deep Dwarf Fighter began the quest for the Orb.
     0 | D:1      | Reached XP level 1. HP: 20/20 MP: 1/1
   141 | D:1      | Reached XP level 2. HP: 24/27 MP: 2/2
   182 | D:1      | Reached skill level 3 in Maces & Flails
   456 | D:2      | Reached XP level 3. HP: 17/33 MP: 3/3
   570 | D:2      | Reached skill level 4 in Maces & Flails
   640 | D:2      | Reached XP level 4. HP: 27/40 MP: 4/4
  1001 | D:3      | Reached skill level 5 in Maces & Flails
  1073 | D:3      | Noticed Ijyb
  1080 | D:3      | Killed Ijyb
  1080 | D:3      | Reached XP level 5. HP: 17/46 MP: 4/4
  1145 | D:3      | Found a faded altar of an unknown god.
  1415 | D:3      | Noticed Sigmund
  1432 | D:3      | Killed Sigmund
  1432 | D:3      | Reached skill level 6 in Maces & Flails
  1432 | D:3      | Reached XP level 6. HP: 23/55 MP: 4/4
  1633 | D:4      | Got a brightly glowing quarterstaff
  1639 | D:4      | Identified the cursed +2 quarterstaff of Defence {flame, +Rage rN+++ MR- Int-3} (You found it on level 4 of the Dungeon)
  1683 | D:4      | Reached skill level 7 in Maces & Flails
  1788 | D:4      | Found Muil's Weapon Shoppe.
  1800 | D:4      | Found a hazy altar of Hepliaklqana.
  1802 | D:4      | Found an ancient bone altar of Kikubaaqudgha.
  1802 | D:4      | Found an ornate altar of the Wu Jian Council.
  1859 | D:4      | Found an opulent altar of Gozag.
  1910 | D:4      | Reached skill level 1 in Evocations
  1954 | D:4      | Reached XP level 7. HP: 29/61 MP: 4/4
  1974 | D:4      | Noticed Grinder
  1978 | D:4      | Paralysed by Grinder for 7 turns
  1998 | D:4      | Killed Grinder
  1998 | D:4      | Reached skill level 1 in Staves
  2246 | D:5      | Entered Level 5 of the Dungeon
  2431 | D:5      | Reached skill level 1 in Dodging
  2555 | D:5      | You fall through a shaft for 3 floors!
  2555 | D:8      | Noticed a hippogriff
  2579 | D:7      | Killed a hippogriff
  2579 | D:7      | Reached XP level 8. HP: 33/69 MP: 6/6
  2676 | D:6      | Found an opulent altar of Gozag.
  2807 | D:5      | Noticed Menkaure
  2812 | D:5      | Killed Menkaure
  2853 | D:5      | Reached skill level 5 in Armour
  3079 | D:5      | Found a white marble altar of Elyvilon.
  3079 | D:5      | Found a burning altar of Makhleb.
  3084 | D:5      | Became a worshipper of Makhleb the Destroyer
  3164 | D:6      | Shot with an arrow by a centaur

Vault maps used:
D:1:      evilmike_arrival_grusome_pit
D:2:      hangedman_decor_growths
D:3:      first_bread, chequers_ecumenical_altar_simple, uniq_sigmund, uniq_ijyb
D:4:      nicolae_gozag_cash_rules_everything_around_me,
          gammafunk_temple_overflow_forgotten, serial_shops, shop, uniq_grinder
D:5:      gammafunk_temple_overflow_wave, uniq_menkaure
D:6:      lemuel_coloured_pillars_altar, basic_altar, uniq_edmund
D:7:      minmay_temple_entry_fiery, minmay_misc_feat_plants,
          uniq_crazy_yiuf_cottage, uniq_duvessa
D:8:      hangedman_ranch, nicolae_ru_sacrificial_ziggurat

Skill      XL: |  1  2  3  4  5  6  7  8 |
---------------+-------------------------+-----
Maces & Flails | 3 4 5 6 7 |  7.4
Evocations     | 1 2 3 |  3.9
Staves         | 3 4 |  4.8
Fighting       | 3 |  3.8
Armour         | 4 5 |  5.2
Dodging        | 1 |  1.5
Shields        | |  3.5

Action                   |  1- 3 |  4- 6 |  7- 9 || total
-------------------------+-------+-------+-------++-------
Melee: Flail             |   135 |   139 |       ||   274
       Quarterstaff      |       |    23 |   158 ||   181
 Abil: Heal Wounds       |     1 |     5 |     8 ||    14
  Use: Scroll            |       |     9 |       ||     9
       Potion            |       |       |     1 ||     1
  Eat: Chunk             |       |     4 |     4 ||     8
Armor: Scale mail        |   104 |    56 |    88 ||   248
Dodge: Dodged            |    65 |    50 |   107 ||   222
Block: Shield            |    89 |    83 |       ||   172
